 Dungeon Crawl Stone Soup version 0.29.1-1-gd02db6906a (webtiles) character file.

Game seed: 15412093937399343785

82 LustLizard the Trooper (level 4, -2/35 HPs)
             Began as a Demonspawn Fighter on Oct 8, 2022.
             Slain by Terence
             ... wielding a +0 mace of holy wrath
              (4 damage)
             ... on level 3 of the Dungeon.
             The game lasted 00:03:34 (2042 turns).

LustLizard the Trooper (Demonspawn Fighter)         Turns: 2042, Time: 00:03:34

Health: -2/35      AC:  6    Str: 16    XL:     4   Next: 21%
Magic:  4/4        EV: 12    Int:  9    God:
Gold:   122        SH:  5    Dex: 15    Spells: 3/3 levels left

rFire   . . .      SeeInvis .   a - +0 long sword
rCold   . . .      Faith    .   c - +0 buckler
rNeg    . . .      Spirit   .   b - +0 scale mail
rPois   .          Reflect  .   (no helmet)
rElec   .          Harm     .   (no cloak)
rCorr   .          Rampage  .   (no gloves)
Will    .....                   (no boots)
Stlth   ..........              f - amulet of the acrobat
HPRegen 0.11/turn               i - +4 ring of evasion
MPRegen 0.09/turn               (no ring)

@: no status effects
A: powered by pain 1
a: no special abilities


You were on level 3 of the Dungeon.
You visited 1 branch of the dungeon, and saw 3 of its levels.

You collected 122 gold pieces.

Inventory:

Hand Weapons
 a - a +0 long sword (weapon)
Missiles
 e - 26 stones (quivered)
 l - 6 poisoned darts
 m - 4 boomerangs
 q - 4 atropa-tipped darts
Armour
 b - a +0 scale mail (worn)
 c - a +0 buckler (worn)
Jewellery
 f - an amulet of the acrobat (around neck)
 i - a +4 ring of evasion (left hand)
Wands
 p - a wand of flame (17)
Scrolls
 h - a scroll of enchant armour {unknown}
 j - a scroll of magic mapping
 o - a scroll of identify {unknown}
Potions
 d - a potion of might
 g - 3 potions of berserk rage {unknown}
 k - a potion of lignification {unknown}
 n - a potion of heal wounds


   Skills:
 + Level 3.5 Fighting
 * Level 3.1 Long Blades
 * Level 1.6 Throwing
 - Level 2.6 Armour
 - Level 2.6 Shields


You had 3 spell levels left.
You didn't know any spells.
Your spell library contained the following spells:

 Spells                   Type           Power      Damage    Failure   Level
 Beastly Appendage        Tmut           0%         N/A       89%         1
 Wereblood                Tmut           0%         N/A       96%         2
 Inner Flame              Hex/Fire       0%         N/A       99%         3
 Spider Form              Tmut/Pois      0%         N/A       99%         3
 Cause Fear               Hex            0%         N/A       100%        4
 Discord                  Hex            0%         N/A       100%        8


Dungeon Overview and Level Annotations

Branches:
Dungeon (3/15)

Altars:

Portals:
Sewer: D:3

Annotations:
D:3 Terence


Innate Abilities, Weirdness & Mutations

You sometimes gain a little power by taking damage.


Message History

You slash the dart slug!
You kill the dart slug!
Found 4 atropa-tipped darts.
You now have 122 gold pieces (gained 9).
Found a stone staircase leading up.
You see here 4 atropa-tipped darts.
q - 4 atropa-tipped darts You hear the slow rusting of a drain nearby.
Found 13 gold pieces.
Terence the Incautious comes into view.
He is wielding a +0 mace of holy wrath and wearing a +1 scale mail of cold resistance.
Terence shouts!
Terence asks, "Do you want it fast or slow?"
Okay, then.
You closely miss Terence.
Terence drinks a potion.
Terence seems to grow stronger.
Terence hits you with a +0 mace of holy wrath!
You convulse.
You slash Terence!
Terence is heavily wounded.
You block Terence's attack.
You hit Terence.
Terence is almost dead.
Terence closely misses you.
You barely miss Terence.
Terence is almost dead.
Terence closely misses you.
You barely miss Terence.
Terence is almost dead.
Terence barely misses you. x2
You hit Terence.
Terence is almost dead.
Terence hits you with a +0 mace of holy wrath!
You convulse!
* * * LOW HITPOINT WARNING * * *
You hit Terence but do no damage.
Terence is almost dead.
Terence hits you with a +0 mace of holy wrath!
* * * LOW HITPOINT WARNING * * *
You convulse.
You die...

#.#..................#SS~#.....
#.#.##...........##..#B∩~#.....
#.#.##...........##..#~~~#.....
#................#...#~~~#.....
###.##############...#####.....
#.# #.........+#'# #.#
#..######..#.#
#.##############..# #........
#...........@@.$..# #.#####.#
#################.#**,****#.#
*,,,,,,,,,..# *****,,,,...#
****#####


You could see Terence (strong).

Vanquished Creatures
  Jessica (D:2)
  An adder (D:2)
  A worm (D:2)
  3 dart slugs
  5 ball pythons
  2 bats
  5 endoplasms
  A giant cockroach (D:1)
  2 goblins
  3 hobgoblins
  A jackal (D:2)
  3 quokkas
  3 frilled lizards
  A kobold (D:1)
  4 rats
36 creatures vanquished.

Notes
Turn   | Place    | Note
-------+----------+-------------------------------------------
     0 | D:1      | LustLizard the Demonspawn Fighter began the quest for the
                  | Orb.
     0 | D:1      | Reached XP level 1. HP: 18/18 MP: 1/1
   301 | D:1      | Gained mutation: You sometimes gain a little power by
                  | taking damage. [demonic ancestry]
   301 | D:1      | Reached XP level 2. HP: 24/24 MP: 2/2
   469 | D:1      | Found a faded altar of an unknown god.
  1079 | D:2      | Reached XP level 3. HP: 28/29 MP: 3/3
  1250 | D:2      | Reached skill level 1 in Throwing
  1301 | D:2      | Noticed Jessica
  1310 | D:2      | Killed Jessica
  1311 | D:2      | Reached XP level 4. HP: 16/35 MP: 4/4
  1927 | D:3      | Found a glowing drain.
  2032 | D:3      | Noticed Terence
  2042 | D:3      | Slain by Terence

Illustrated notes

Levels and vault maps discovered:
D:1:      minmay_arrival_diagonal_passages, layout_loops_ring,
          shapermc_ecumenical_altar_starsandcircs, corexii_hall_statues_x,
          minmay_hexomino_f4
D:2:      layout_loops_ring, kennysheep_pointless_box, due_unseen_surprise,
          uniq_jessica
D:3:      layout_basic, gup_sewer_entry_glass, uniq_terence

Skill      XL: |  1  2  3 |
---------------+----------+-----
Long Blades    | 2 3 |  3.1
Throwing       | 1 |  1.6
Fighting       | |  3.5
Armour         | |  2.6
Shields        | |  2.6

Action                   |  1- 3 |  4- 6 || total
-------------------------+-------+-------++-------
Melee: Long sword        |    78 |    36 ||   114
  Use: Scroll            |       |     1 ||     1
Armor: Scale mail        |    23 |     9 ||    32
Dodge: Dodged            |    38 |    15 ||    53
Block: Buckler           |     6 |     8 ||    14
